 Dungeon Crawl Stone Soup version 0.28.0-53-g5a82cb258f (webtiles) character file.

Game seed: 4267116142305174029

22 FrogKing the Magician (level 3, -2/25 HPs)
             Began as a Djinni Fire Elementalist on Aug 12, 2022.
             Slain by Terence
             ... wielding a +0 mace
              (6 damage)
             ... on level 2 of the Dungeon.
             The game lasted 00:02:53 (1454 turns).

FrogKing the Magician (Djinni Fire Elementalist)    Turns: 1454, Time: 00:02:54

Health: -2/25      AC:  2    Str:  9    XL:     3   Next: 7%
Gold:   30         EV: 12    Int: 16    God:
                   SH:  0    Dex: 13

rFire   + + .      SeeInvis .   (no weapon)
rCold   x . .      Faith    .   (no shield)
rNeg    . . .      Spirit   .   a - +0 robe
rPois   ∞          Reflect  .   (no helmet)
rElec   .          Harm     .   (no cloak)
rCorr   .          Rampage  .   (no gloves)
Will    .....                   (boots unavailable)
Stlth   ++........              (no amulet)
HPRegen 0.08/turn               (no ring)
MPRegen 0.00/turn               (no ring)

@: flying, very slightly contaminated
A: sickness immunity, fire resistance 2, cold vulnerability 1, float, innate
caster, HP casting, extra vitality 1
a: no special abilities


You were on level 2 of the Dungeon.
You visited 1 branch of the dungeon, and saw 2 of its levels.

You collected 30 gold pieces.

Inventory:

Armour
 a - a +0 robe (worn)
Scrolls
 d - a scroll of immolation {unknown}
 e - a scroll of identify {unknown}
 g - a scroll of teleportation {unknown}
 h - a scroll of holy word {unknown}
Potions
 b - 2 potions of mutation {unknown}
 c - a potion of heal wounds {unknown}
 f - a potion of degeneration {unknown}


   Skills:
 - Level 2.1 Dodging
 - Level 1.5 Stealth
 + Level 3.2 Spellcasting


You couldn't memorise any spells.
You knew the following spells:

 Your Spells              Type           Power      Damage    Failure   Level
a - Foxfire               Conj/Fire      48%        2x1d6     4%          1
b - Scorch                Fire           24%        2d6       8%          2
c - Conjure Flame         Conj/Fire      12%        6-21      14%         3
d - Inner Flame           Hex/Fire       12%        N/A       14%         3
e - Flame Wave            Conj/Fire      12%        2d6       43%         4
f - Pain                  Necr           48%        1d6       4%          1
Your spell library was empty.

Dungeon Overview and Level Annotations

Branches:
Dungeon (2/15)

Altars:

Annotations:
D:2 Terence


Innate Abilities, Weirdness & Mutations

You are immune to sickness and miasma.
You are immune to poison.
Your flesh is very heat resistant. (rF++)
You are vulnerable to cold. (rC-)
You float through the air rather than walking.
You learn spells naturally, not from books.
Your magical power is your life essence.
You have superior vitality. (+4 MHP)


Message History

The spell is quite dangerous to miscast (16% risk of failure)!
Continue anyway?
Aiming: Inner Flame (quite dangerous; 16% risk of failure)
Press: ? - help, Dir - move target, f/p - Terence
Aim: Terence, wielding a +0 mace and wearing a +0 chain mail (asleep, chance to affect: 72%) Terence shouts!
Terence is filled with an inner flame.
You hear an angry hiss.
A gnoll comes into view. It is wielding a +0 flail.
Casting: Inner Flame (quite dangerous; 16% risk of failure)
Confirm with . or Enter, or press ? or * to list all spells.
You conjure some foxfire!
The gnoll shouts!
A ball python comes into view.
The foxfire hits Terence but does no damage.
Casting: Foxfire (safe; 4% risk of failure)
Confirm with . or Enter, or press ? or * to list all spells.
You conjure some foxfire!
The foxfire hits the gnoll.
The gnoll is moderately wounded.
The ball python bites you. The ball python grabs you.
The ball python constricts you.
The foxfire hits the kobold.
You kill the kobold!
The foxfire hits the gnoll but does no damage.
The gnoll is moderately wounded.
The ball python bites you. The ball python constricts you.
You escape the ball python's grasp.
The gnoll completely misses you. The ball python bites you.
The ball python grabs you.
You stop ascending the stairs.
The ball python constricts you. The ball python bites you.
You escape the ball python's grasp.
The gnoll hits you with a +0 flail. The ball python bites you.
* * * LOW HITPOINT WARNING * * *
The ball python grabs you.
You stop ascending the stairs.
The ball python constricts you.
* * * LOW HITPOINT WARNING * * *
The ball python barely misses you.
You escape the ball python's grasp.
The gnoll hits you with a +0 flail.
* * * LOW HITPOINT WARNING * * *
Terence hits you with a +0 mace.
You die...

.# .# #.####
##### #..!..
#.... ....#
... ...
.#.#.#S#.#.#
.....)S@..#
.#.#.#g#@##
... ..# #.#.
.## ..... ..
#.# #. .#
... .. .. .#
#. .#


You could see Terence (inner flame), a gnoll and 2 ball pythons.

Vanquished Creatures
  A ball python (D:1)
  3 bats (D:1)
  2 giant cockroaches (D:1)
  2 goblins (D:1)
  4 jackals (D:1)
  A frilled lizard (D:1)
  5 kobolds
  4 rats (D:1)
22 creatures vanquished.

Vanquished Creatures (others)
  51 foxfires
51 creatures vanquished.

Grand Total: 73 creatures vanquished

Notes
Turn   | Place    | Note
-------+----------+-------------------------------------------
     0 | D:1      | FrogKing the Djinni Fire Elementalist began the quest for
                  | the Orb.
     0 | D:1      | Reached XP level 1. HP: 15/15 MP: 0/0
   334 | D:1      | Reached XP level 2. HP: 20/21 MP: 0/0
   731 | D:1      | Reached skill level 3 in Spellcasting
   996 | D:1      | Reached XP level 3. HP: 11/25 MP: 0/0
   996 | D:1      | Learned a level 1 spell: Pain
  1445 | D:2      | Noticed Terence
  1454 | D:2      | Slain by Terence

Illustrated notes

Levels and vault maps discovered:
D:1:      saegor_arrival_simple_c, layout_basic
D:2:      layout_rooms, basic_altar, st_stairs_10, lemuel_old_faithful,
          uniq_jessica, uniq_terence

Skill      XL: |  1  2 |
---------------+-------+-----
Spellcasting   | 3 |  3.2
Dodging        | |  2.1
Stealth        | |  1.5

Action                   || total
-------------------------++-------
Melee: Unarmed           ||     1
 Cast: Foxfire           ||    32
       Scorch            ||     5
       Inner Flame       ||     1
Armor: Robe              ||     2
Dodge: Dodged            ||     9
